 Dungeon Crawl Stone Soup version 0.27-a0-1312-g5cdb2b3542 (webtiles) character file.

Game seed: 8016107750656605395

18945 27snakeeyes612 the Cleaver (level 12, -4/110 HPs)
             Began as a Minotaur Berserker on June 19, 2021.
             Was a High Priest of Trog.
             Slain by a skeletal warrior (15 damage)
             ... on level 11 of the Dungeon.
             The game lasted 00:10:14 (14842 turns).

27snakeeyes612 the Cleaver (Minotaur Berserker)    Turns: 14842, Time: 00:10:15

Health: -4/110     AC: 17    Str: 32    XL:     12   Next: 32%
Magic:  6/6        EV: 10    Int:  4    God:    Trog [*****.]
Gold:   514        SH: 13    Dex: 11    Spells: 11/11 levels left

rFire    . . .     SeeInvis .   M - +5 broad axe (antimagic)
rCold    . . .     Faith    .   u - +0 kite shield
rNeg     . . .     Spirit   .   G - +0 plate armour
rPois    .         Reflect  .   s - +1 hat
rElec    .         Harm     .   (no cloak)
rCorr    .         Rampage  .   (no gloves)
Will     .....                  e - +0 pair of boots
Stlth    ..........             (no amulet)
HPRegen  0.28/turn              l - ring of magical power
MPRegen  0.10/turn              C - +6 ring of strength

@: on berserk cooldown
A: horns 2, retaliatory headbutt
a: Renounce Religion, Berserk, Trog's Hand, Brothers in Arms


You were on level 11 of the Dungeon.
You worshipped Trog.
Trog was extremely pleased with you.
You visited 1 branch of the dungeon, and saw 12 of its levels.
You also visited: Ossuary.

You collected 596 gold pieces.
You spent 82 gold pieces at shops.

Inventory:

Hand Weapons
 a - a +0 hand axe
 q - a +0 flail of holy wrath
 z - a +1 war axe
 M - a +5 antimagic broad axe (weapon)
Missiles
 x - 3 throwing nets
 I - 3 curare-tipped darts
Armour
 b - a +0 animal skin
 e - a +0 pair of boots (worn)
 r - a +0 scale mail
 s - a +1 hat (worn)
 u - a +0 kite shield (worn)
 G - a +0 plate armour (worn)
 L - the +3 scale mail of the Tired Shrikes {rC++ Str+4 Int-2}
   (You found it on level 10 of the Dungeon)

   It affects your strength (+4).
   It affects your intelligence (-2).
   It greatly protects you from cold.
Jewellery
 l - a ring of magical power (left hand)
 v - a ring of flight
 C - a +6 ring of strength (right hand)
 J - a ring of poison resistance
Wands
 h - a wand of acid (13) (quivered)
 m - a wand of flame (44)
 t - a wand of iceblast (4)
 D - a wand of digging (11)
 N - a wand of mindburst (20)
Scrolls
 d - 3 scrolls of fog
 k - 2 scrolls of blinking
 o - 3 scrolls of amnesia
 w - 7 scrolls of teleportation
 y - a scroll of holy word
 H - 7 scrolls of identify
 O - a scroll of enchant weapon
Potions
 c - 2 potions of brilliance
 f - a potion of attraction
 g - 4 potions of flight
 i - 3 potions of cancellation
 j - 9 potions of heal wounds
 n - 4 potions of might
 p - a potion of magic
 A - a potion of degeneration {unknown}
 B - 5 potions of curing {unknown}
 E - a potion of berserk rage {unknown}
 F - a potion of haste {unknown}
 K - a potion of mutation {unknown}


   Skills:
 + Level 11.5 Fighting
 + Level 12.1 Axes
 + Level 10.9 Armour
 + Level 10.2 Dodging
 - Level 1.4 Stealth
 + Level 10.3 Shields


You had 11 spell levels left.
You didn't know any spells.
Your spell library was empty.

Dungeon Overview and Level Annotations

Branches:
Dungeon (12/15)            Temple (0/1) D:4            Lair (0/6) D:8
    Orc (0/2) D:9         Ossuary (visited)

Altars:
Dithmenos
Elyvilon
Nemelex Xobeh
Okawaru
Sif Muna
Trog
Uskayaw
The Shining One

Shops:
D:4 *   D:9 :[[!

Annotations:
D:10 1 runed translucent door, cirn0's ghost, journeyman DECj


Innate Abilities, Weirdness & Mutations

You have a pair of horns on your head.
You reflexively headbutt those who attack you in melee.


Message History

You headbutt the boulder beetle, but do no damage.
You slice the boulder beetle!!
You kill the boulder beetle!
Trog accepts your kill.
Your skin stops crawling.
You feel less strong-willed.
You see here a boulder beetle corpse.
You start resting.
The sentinel's mark upon you fades away.
There is a stone staircase leading down, spattered with blood here.
You start resting.
You feel yourself speed up.
You climb downwards.
You block the skeletal warrior's attack.
There is a stone staircase leading up here.
There are monsters nearby!
There are monsters nearby!
You are too injured to fight recklessly!
You block the skeletal warrior's attack.
You climb upwards.
There is a stone staircase leading down, spattered with blood here.
You are too injured to fight recklessly!
You are too injured to fight recklessly!
You hit the skeletal warrior. You headbutt the skeletal warrior!
The skeletal warrior is moderately damaged.
The skeletal warrior hits you with a +0 short sword!
You hit the skeletal warrior but do no damage.
Your headbutt misses the skeletal warrior.
The skeletal warrior is moderately damaged.
The skeletal warrior hits you with a +0 short sword!
* * * LOW HITPOINT WARNING * * *
You slice the skeletal warrior!!
Your headbutt misses the skeletal warrior.
The skeletal warrior is heavily damaged.
The skeletal warrior hits you with a +0 short sword!
* * * LOW HITPOINT WARNING * * *
You closely miss the skeletal warrior.
You headbutt the skeletal warrior, but do no damage.
The skeletal warrior is heavily damaged.
The skeletal warrior hits you with a +0 short sword!
You die...

###########
#.........#
#.........#
#...<.....#
#########.......>).
#...........^......
#z@................
#........###..####.
###..........#.## #.
#.........##...#####.
#.........###.....##.
#..........#..###....
#................[...
#.........##.########
#####..####..# #...


You could see a skeletal warrior.

Vanquished Creatures
  Jorgrun (D:11)
  Azrael (D:12)
  3 boulder beetles
  A hydra (D:11)
  3 two-headed ogres
  A skeletal warrior (D:11)
  Pikel (D:8)
  An ugly thing (D:10)
  3 cyclopes
  2 komodo dragons
  2 trolls
  A hornet (D:10)
  A meliai zombie (D:10)
  A shadow (D:10)
  Sigmund (D:4)
  2 vampires
  9 yaks
  A fire elemental (D:12)
  3 vampire mosquitoes (D:11)
  Menkaure (D:5)
  Edmund (D:4)
  3 wargs (D:9)
  5 hell hounds (D:12)
  A sky beast (D:5)
  An ice beast (D:7)
  2 hornet zombies
  2 ogres
  5 orc warriors
  A phantom (D:7)
  7 centaurs
  2 lemures (D:8)
  4 kobold brigands
  4 bullfrogs
  A gnoll sergeant (D:3)
  2 scorpions
  6 killer bees (D:10)
  4 howler monkeys (D:10)
  4 wights
  A bullfrog zombie (D:6)
  2 jellies (D:5)
  2 human zombies (Ossuary)
  7 centaur zombies
  A bullfrog skeleton (D:7)
  5 hounds
  A gnoll shaman (D:8)
  2 orc priests (D:8)
  2 centaur skeletons
  Jessica (D:3)
  Natasha (D:3)
  2 iguanas
  4 orc wizards
  2 mummies (Ossuary)
  2 howler monkey zombies
  11 gnolls
  5 adders
  2 white imps
  An ufetubus (D:6)
  2 adder zombies (Ossuary)
  An adder skeleton (D:5)
  A worm (D:3)
  2 dart slugs
  24 orcs
  6 ball pythons
  6 endoplasms
  2 giant cockroaches
  7 goblins
  6 hobgoblins
  9 jackals
  29 kobolds
  4 quokkas
  8 bats
  2 frilled lizards (D:1)
  8 hobgoblin zombies (Ossuary)
  8 kobold zombies (Ossuary)
  10 orc zombies (Ossuary)
  6 rats
  5 rat zombies (Ossuary)
294 creatures vanquished.

Vanquished Creatures (others)
  A gnoll (D:4)
  2 fungi (D:10)
  3 plants (D:10)
6 creatures vanquished.

Grand Total: 300 creatures vanquished

Notes
Turn   | Place    | Note
-------+----------+-------------------------------------------
     0 | D:1      | 27snakeeyes612 the Minotaur Berserker began the quest for
                  | the Orb.
     0 | D:1      | Reached XP level 1. HP: 19/19 MP: 0/0
   251 | D:1      | Found a faded altar of an unknown god.
   262 | D:1      | Reached skill level 4 in Axes
   262 | D:1      | Reached XP level 2. HP: 26/27 MP: 1/1
   400 | D:1      | Reached ** piety under Trog
   450 | D:1      | Reached XP level 3. HP: 32/33 MP: 2/2
   943 | D:2      | Reached XP level 4. HP: 41/41 MP: 3/3
   946 | D:2      | Reached skill level 5 in Axes
  1324 | D:2      | Found a bloodstained altar of Trog.
  1875 | D:3      | Noticed a +0 falchion
  1875 | D:3      | Noticed a +0 short sword
  1875 | D:3      | Noticed a +0 spear
  1876 | D:3      | Noticed a +0 dagger
  1878 | D:3      | Noticed a +0 dagger
  1879 | D:3      | Noticed a +0 spear
  1880 | D:3      | Noticed a +0 short sword
  1880 | D:3      | Noticed a +0 falchion
  1885 | D:3      | Found a hide-covered altar of Uskayaw.
  2030 | D:3      | Noticed Natasha
  2036 | D:3      | Killed Natasha
  2037 | D:3      | Reached XP level 5. HP: 38/47 MP: 4/4
  2105 | D:3      | Noticed Jessica
  2110 | D:3      | Killed Jessica
  2255 | D:4      | Noticed Edmund
  2257 | D:4      | Reached *** piety under Trog
  2258 | D:4      | Reached skill level 1 in Stealth
  2270 | D:4      | Killed Edmund
  2271 | D:4      | Reached skill level 5 in Fighting
  2271 | D:4      | Reached skill level 6 in Axes
  2271 | D:4      | Reached XP level 6. HP: 39/56 MP: 5/5
  2505 | D:4      | Found a staircase to the Ecumenical Temple.
  3625 | D:4      | Found Gauzedai's CLEARANCE SALE! EVERYTHING MUST GO!.
  3631 | D:4      | Reached skill level 1 in Shields
  3631 | D:4      | Reached XP level 7. HP: 61/61 MP: 6/6
  3643 | D:4      | Reached skill level 7 in Axes
  3673 | D:4      | Identified the +5 trident "Ziuxu" {flame, rN+ Int+3 SInv
                  | Stlth-}
  3687 | D:4      | Bought a scroll of teleportation for 12 gold pieces
  3957 | D:4      | Noticed Sigmund
  3973 | D:4      | Killed Sigmund
  4054 | D:5      | Entered Level 5 of the Dungeon
  4493 | D:5      | Found a sand-covered staircase.
  4506 | Ossuary  | Entered an ossuary
  4807 | Ossuary  | Reached XP level 8. HP: 66/70 MP: 7/7
  5018 | D:5      | Reached skill level 5 in Dodging
  5026 | D:5      | Noticed Menkaure
  5032 | D:5      | Killed Menkaure
  5033 | D:5      | Reached skill level 5 in Armour
  5089 | D:5      | Reached **** piety under Trog
  5408 | D:6      | Found a white marble altar of Elyvilon.
  5458 | D:6      | Reached skill level 8 in Axes
  5896 | D:6      | Found a sparkling altar of Nemelex Xobeh.
  6521 | D:7      | Reached XP level 9. HP: 79/79 MP: 8/8
  6815 | D:7      | Reached skill level 5 in Shields
  7455 | D:7      | Noticed a death knight
  7456 | D:7      | Found the +6 arbalest "Damnation" {damnation}
  7456 | D:7      | Noticed a troll
  7456 | D:7      | Noticed a troll
  7758 | D:8      | Found a staircase to the Lair.
  7863 | D:7      | Reached skill level 9 in Axes
  7873 | D:7      | Killed a troll
  8188 | D:8      | Noticed a two-headed ogre
  8195 | D:8      | Killed a two-headed ogre
  8241 | D:8      | Reached XP level 10. HP: 76/90 MP: 9/9
  8282 | D:8      | Identified the +8 glaive of Inquiry {elec, Int+3 Dex+4}
  8674 | D:8      | Noticed Pikel
  8684 | D:8      | Killed Pikel
  9312 | D:8      | Found a glowing golden altar of the Shining One.
  9433 | D:8      | Found an iron altar of Okawaru.
  9436 | D:8      | Found a shadowy altar of Dithmenos.
  9439 | D:8      | Found a shimmering blue altar of Sif Muna.
  9764 | D:9      | Found Lowkyfau's Antique Armour Boutique.
  9846 | D:9      | Found a staircase to the Orcish Mines.
  9858 | D:9      | Reached skill level 10 in Axes
 10043 | D:9      | Found Jyfyt's Armour Shoppe.
 10111 | D:9      | Found Bickol's Book Boutique.
 10434 | D:9      | Found Giushri's Distillery.
 10444 | D:9      | Bought a potion of heal wounds for 70 gold pieces
 10810 | D:9      | Noticed a two-headed ogre
 10821 | D:9      | Killed a two-headed ogre
 11074 | D:10     | Entered Level 10 of the Dungeon
 11087 | D:10     | Reached ***** piety under Trog
 11315 | D:10     | Reached XP level 11. HP: 63/99 MP: 10/10
 11913 | D:10     | Reached skill level 10 in Fighting
 12310 | D:10     | Identified the +3 scale mail of the Tired Shrikes {rC++
                  | Str+4 Int-2}
 12555 | D:10     | Found a runed translucent door.
 12555 | D:10     | Noticed cirn0's ghost (journeyman DECj)
 12556 | D:10     | Noticed a spriggan rider
 12557 | D:10     | Identified the +5 spear "Joenias" {freeze, *Noise Dex+5
                  | SInv}
 12598 | D:11     | Noticed a cyan ugly thing
 12605 | D:10     | Killed a cyan ugly thing
 12606 | D:10     | Reached skill level 11 in Axes
 12666 | D:10     | Received a gift from Trog
 13133 | D:11     | Noticed a four-headed hydra
 13153 | D:11     | Killed a four-headed hydra
 13397 | D:11     | Noticed a boulder beetle
 13424 | D:11     | Killed a boulder beetle
 13685 | D:12     | Noticed a two-headed ogre
 13686 | D:12     | Noticed a boulder beetle
 13688 | D:12     | Killed a two-headed ogre
 13689 | D:12     | Reached skill level 10 in Armour
 13697 | D:12     | Killed a boulder beetle
 14126 | D:12     | Noticed a skeletal warrior
 14127 | D:12     | Noticed a skeletal warrior
 14127 | D:12     | Noticed Azrael
 14127 | D:12     | Noticed a skeletal warrior
 14182 | D:11     | Killed a skeletal warrior
 14493 | D:12     | Noticed Jorgrun
 14539 | D:11     | Killed Jorgrun
 14540 | D:11     | Reached skill level 10 in Dodging
 14540 | D:11     | Reached skill level 10 in Shields
 14540 | D:11     | Reached XP level 12. HP: 82/110 MP: 6/11
 14800 | D:12     | Killed Azrael
 14801 | D:12     | Reached skill level 12 in Axes
 14808 | D:12     | Noticed a boulder beetle
 14826 | D:11     | Killed a boulder beetle
 14842 | D:11     | Slain by a skeletal warrior

Illustrated notes

Levels and vault maps discovered:
D:1:      wander_arrival_lonely_grave, layout_basic, serial_glass,
          glass_columns_b, glass_columns_b,
          shapermc_ecumenical_altar_totnotflames
D:2:      layout_rooms, basic_altar
D:3:      layout_rooms, nicolae_uskayaw_en_pointe,
          hangedman_abyss_or_decor_lesser_grid, uniq_jessica, uniq_natasha
D:4:      minmay_spotlight, layout_rooms, minmay_temple_entry_crystal_x,
          hangedman_decor_slide_cut, nicolae_shop_clearance, uniq_sigmund,
          uniq_edmund
D:5:      layout_basic, enter_ossuary_2, uniq_menkaure
D:6:      layout_loops_corners, nemelex_xobeh_ov_fountains_minmay,
          elyvilon_altar_3
D:7:      minmay_chambers_of_sevens, layout_basic, kennysheep_generic_room_12
D:8:      kennysheep_blocky_hall, layout_basic,
          grunt_temple_overflow_cloverleaf, dpeg_oklobed_lair, uniq_pikel
D:9:      layout_loops_ring, minmay_orc_entry_guard_dogs, serial_shops, shop,
          shop, nicolae_lakefront_shop, nicolae_take_the_stairs, serial_rivers,
          chequers_serial_rivers_micro_c, chequers_serial_rivers_micro_c,
          chequers_serial_rivers_large_a, chequers_serial_rivers_small_b,
          chequers_serial_rivers_small_3, kennysheep_generic_room_5
D:10:     layout_loops_corners, ebering_ghost_funeral_grove
D:11:     layout_rooms
D:12:     layout_rooms, uniq_jorgrun, uniq_azrael

Skill      XL: |  1  2  3  4  5  6  7  8  9 10 11 12 |
---------------+-------------------------------------+-----
Axes           | 4 5 6 7 8 9 10 11 12 | 12.1
Fighting       | 4 5 6 7 8 9 11 | 11.5
Dodging        | 3 4 6 7 8 10 | 10.2
Stealth        | 1 |  1.4
Armour         | 3 4 6 7 9 10 | 10.9
Shields        | 1 2 4 6 8 10 | 10.3

Action                   |  1- 3 |  4- 6 |  7- 9 | 10-12 || total
-------------------------+-------+-------+-------+-------++-------
Melee: Hand axe          |    60 |   111 |   316 |       ||   487
       Headbutt          |     7 |    19 |    90 |    95 ||   211
       War axe           |       |       |    36 |   254 ||   290
       Broad axe         |       |       |       |   101 ||   101
       Flail             |       |       |       |     6 ||     6
Invok: Berserk           |     1 |     3 |     5 |     6 ||    15
       Trog's Hand       |       |     1 |     2 |     4 ||     7
Evoke: Wand              |       |       |       |     2 ||     2
  Use: Scroll            |       |       |    12 |     2 ||    14
 Stab: Sleeping          |     1 |     1 |       |       ||     2
Armor: Animal skin       |    13 |    14 |       |       ||    27
       Scale mail        |       |    26 |   105 |       ||   131
       Plate armour      |       |       |    31 |   151 ||   182
Dodge: Dodged            |    42 |    80 |   133 |   118 ||   373
Block: Kite shield       |       |     3 |   193 |   249 ||   445

Table legend: (Time is in decaauts)
 A = Elapsed time spent in this place.
 B = Non-inter-level travel time spent in this place.
 C = Inter-level travel time spent in this place.
 D = Time resting spent in this place.
 E = Time spent auto-exploring this place.
 F = Levels seen in this place.
 G = Mean time per level.
                   A        B        C        D        E       F      G
               +--------+--------+--------+--------+--------+-----+--------+
         Total |  15126 |  14800 |    326 |   2773 |   9977 |  13 | 1163.5 |
       Dungeon |  14690 |  14364 |    326 |   2773 |   9717 |  12 | 1224.2 |
       Ossuary |    436 |    436 |      0 |      0 |    260 |   1 |  436.0 |
               +--------+--------+--------+--------+--------+-----+--------+

Top non-repeatable levels by time:
     D:7: 1796 daAuts
    D:10: 1719 daAuts
     D:8: 1646 daAuts
     D:3: 1639 daAuts
    D:11: 1519 daAuts
     D:9: 1343 daAuts
     D:4: 1041 daAuts
     D:6: 1005 daAuts
     D:5: 925 daAuts
     D:1: 819 daAuts
     D:2: 628 daAuts
    D:12: 604 daAuts
 Ossuary: 436 daAuts
